 Dungeon Crawl Stone Soup version 0.25-a0-294-gea9b1ad (webtiles) character file.

Game seed: 13812955524906696390, levelgen mode: deterministic

2769 MrTaco21 the Fighter (level 9, 0/63 HPs)
             Began as a Gargoyle Fighter on Dec 16, 2019.
             Slain by a killer bee (5 damage)
             ... on level 7 of the Dungeon.
             The game lasted 00:21:49 (5849 turns).

MrTaco21 the Fighter (Gargoyle Fighter)             Turns: 5849, Time: 00:21:49

Health: 0/63       AC: 16    Str: 24    XL:     9   Next: 69%
Magic:  9/9        EV:  5    Int:  8    God:
Gold:   365        SH:  9    Dex:  9    Spells: 8/8 levels left

rFire    x . .     SeeInvis .   a - +0 morningstar
rCold    + . .     Gourm    .   c - +0 shield
rNeg     + . .     Faith    .   w - +0 chain mail
rPois    ∞         Spirit   .   (no helmet)
rElec    +         Reflect  .   (no cloak)
rCorr    .         Harm     .   s - +0 pair of gloves
MR       .....                  (no boots)
Stlth    ..........             o - amulet of the acrobat
HPRegen  0.20/turn              u - ring of ice
MPRegen  0.11/turn              j - ring of stealth

@: no status effects
A: negative energy resistance 1, electricity resistance, unbreathing,
petrification resistance, rot immunity, AC +6
a: no special abilities


You were on level 7 of the Dungeon.
You were not hungry.

You visited 1 branch of the dungeon, and saw 7 of its levels.

You collected 365 gold pieces.

Inventory:

Hand Weapons
 a - a +0 morningstar (weapon)
   (You took it off an orc on level 3 of the Dungeon)
 b - a +6 shortbow of freezing
   (You took it off a centaur on level 6 of the Dungeon)
 x - the cursed +2 spear of Ropnen {pierce, Dex+2 SInv, unknown}
   (You found it on level 4 of the Dungeon)

   It inflicts extra damage upon your enemies.
   It affects your dexterity (+2).
   It lets you see invisible.
   It has a curse placed upon it.
Missiles
 F - 32 arrows
Armour
 c - a +0 shield (worn)
 s - a +0 pair of gloves (worn)
   (You found it on level 3 of the Dungeon)
 w - a +0 chain mail (worn)
   (You took it off an orc on level 3 of the Dungeon)
 H - a +1 helmet
   (You found it on level 6 of the Dungeon)
Jewellery
 j - a ring of stealth (right hand)
   (You found it on level 1 of the Dungeon)
 o - an amulet of the acrobat (around neck)
   (You found it on level 2 of the Dungeon)
 u - a ring of ice (left hand)
   (You found it on level 5 of the Dungeon)
 z - an uncursed amulet of faith {!P}
   (You found it on level 4 of the Dungeon)
Wands
 v - a wand of digging (4)
   (You found it on level 3 of the Dungeon)
Scrolls
 g - a scroll of enchant weapon {unknown}
 h - a scroll of fog {unknown}
 k - 4 scrolls of amnesia
 l - a scroll of enchant armour {unknown}
 m - 3 scrolls of identify {@r1}
 n - 9 scrolls of teleportation {@r4}
 q - a scroll of immolation {unknown}
 y - 4 scrolls of remove curse {@r2}
 A - a scroll of fear {unknown}
Potions
 d - 2 potions of might
 f - 6 potions of curing {unknown}
 i - 2 potions of degeneration {unknown}
 p - a potion of resistance {unknown}
 r - a potion of haste {unknown}
 t - 3 potions of brilliance {unknown}
 B - 2 potions of lignification {unknown}
 C - 2 potions of cancellation {unknown}
 D - 4 potions of berserk rage {unknown}
 E - a potion of mutation {unknown}
Comestibles
 e - 8 rations {!d}
 G - 5 chunks of flesh


   Skills:
 + Level 10.5 Fighting
 + Level 9.4 Maces & Flails
 - Level 3.2 Armour
 - Level 3.2 Shields


You had 8 spell levels left.
You didn't know any spells.
Your spell library was empty.

Dungeon Overview and Level Annotations

Branches:
Dungeon (7/15)             Temple (0/1) D:6

Altars:
Ashenzari
Cheibriados
Hepliaklqana
Kikubaaqudgha
Okawaru
Qazlal
Ru
Trog
Uskayaw
Xom
The Shining One

Shops:
D:4 **(:[


Innate Abilities, Weirdness & Mutations

You are resistant to torment.
Your stone body is resilient. (AC +6)
You are immune to poison.
You resist negative energy. (rN+)
You are resistant to electric shocks. (rElec)
You can survive without breathing.
You are immune to petrification.
You are immune to rotting.


Message History

The killer bee stings you. You block the killer bee's attack.
You block the hound's attack. The killer bee closely misses you.
The killer bee stings you.
The killer bee stings you but does no damage.
You block the killer bee's attack.
You closely miss the killer bee. You block the killer bee's attack.
The killer bee stings you but does no damage. x2
You block the hound's attack. The killer bee barely misses you. x2
The killer bee stings you. The killer bee barely misses you.
You block the killer bee's attack. The hound bites you.
You miss the killer bee. You block the killer bee's attack. x3
The killer bee stings you but does no damage.
The hound bites you but does no damage. The killer bee stings you.
* * * LOW HITPOINT WARNING * * *
The killer bee stings you but does no damage.
You block the killer bee's attack. The killer bee stings you.
* * * LOW HITPOINT WARNING * * *
You miss the killer bee.
The killer bee stings you but does no damage.
The killer bee stings you.
* * * LOW HITPOINT WARNING * * *
The killer bee stings you but does no damage.
The killer bee stings you.
* * * LOW HITPOINT WARNING * * *
The hound bites you but does no damage. The killer bee closely misses you.
The killer bee stings you but does no damage.
The killer bee barely misses you.
The killer bee stings you but does no damage.
The hound bites you but does no damage. You block the killer bee's attack.
The killer bee completely misses you. The killer bee barely misses you.
You completely miss the killer bee. You block the killer bee's attack. x2
You block the hound's attack.
The killer bee stings you but does no damage. x2
The killer bee stings you.
* * * LOW HITPOINT WARNING * * *
The killer bee stings you but does no damage.
The hound bites you but does no damage.
The killer bee stings you but does no damage.
The killer bee stings you.
* * * LOW HITPOINT WARNING * * *
You hit the killer bee but do no damage.
The killer bee stings you.
* * * LOW HITPOINT WARNING * * *
The killer bee closely misses you. The killer bee stings you.
* * * LOW HITPOINT WARNING * * *
The killer bee stings you but does no damage. x2
You block the hound's attack.
The killer bee stings you but does no damage. x3
The killer bee stings you.
You die...

#...#.♣ #.
#...#. ...+....#
#..#....#
##..#....#
...#y...#
#.##yy..#
##.####.##@y..##
..........yh...#
#.####.#####..#
#...<...# ....
#.####..# ...
#..# .# #.... ?
...#.# ...+...


You could see a hound and 5 killer bees.

Vanquished Creatures
  Grinder (D:3)
  Sigmund (D:2)
  Eustachio (D:4)
  2 ice beasts
  A black bear (D:6)
  An orc warrior (D:6)
  2 sky beasts
  4 ogres
  2 centaurs (D:6)
  A bullfrog (D:6)
  3 scorpions
  A howler monkey (D:4)
  5 wights (D:6)
  2 centaur zombies
  A centaur skeleton (D:6)
  3 hounds
  An orc priest (D:6)
  9 orc wizards
  A bullfrog skeleton (D:4)
  An iguana (D:4)
  6 worker ants
  A hound zombie (D:5)
  A worker ant zombie (D:5)
  A howler monkey skeleton (D:3)
  2 adders
  2 shadow imps
  An ooze (D:2)
  2 worms
  A dart slug (D:3)
  3 leopard geckos
  18 orcs
  5 giant cockroaches
  2 goblins
  5 hobgoblins
  2 quokkas (D:5)
  2 ball pythons
  7 bats
  3 frilled lizards
  5 kobolds
  A leopard gecko zombie (D:3)
  A quokka skeleton (D:4)
  2 rats
116 creatures vanquished.

Notes
Turn   | Place    | Note
-------+----------+-------------------------------------------
     0 | D:1      | MrTaco21 the Gargoyle Fighter began the quest for the Orb.
     0 | D:1      | Reached XP level 1. HP: 14/14 MP: 1/1
   153 | D:1      | Reached XP level 2. HP: 19/19 MP: 2/2
   455 | D:2      | Noticed Sigmund
   771 | D:2      | Found a stormy altar of Qazlal.
  1050 | D:2      | Found a shimmering altar of Xom.
  1259 | D:3      | Reached XP level 3. HP: 24/24 MP: 3/3
  1271 | D:3      | Reached skill level 4 in Fighting
  1318 | D:3      | Reached XP level 4. HP: 29/30 MP: 4/4
  1607 | D:3      | Noticed Grinder
  1791 | D:3      | Reached skill level 5 in Fighting
  1791 | D:3      | Reached XP level 5. HP: 33/35 MP: 5/5
  1866 | D:3      | Noticed an ogre
  1921 | D:2      | Killed Sigmund
  1921 | D:2      | Reached XP level 6. HP: 37/41 MP: 6/6
  1985 | D:3      | Paralysed by Grinder for 3 turns
  1995 | D:3      | Paralysed by Grinder for 6 turns
  2008 | D:3      | Killed Grinder
  2008 | D:3      | Reached skill level 6 in Fighting
  2008 | D:3      | Reached skill level 5 in Maces & Flails
  2008 | D:3      | Reached XP level 7. HP: 38/47 MP: 7/7
  2127 | D:3      | Found an iron altar of Okawaru.
  2127 | D:3      | Found a bloodstained altar of Trog.
  3042 | D:4      | Reached skill level 7 in Fighting
  3054 | D:4      | Got a crystal spear
  3157 | D:4      | Noticed Eustachio
  3184 | D:4      | Killed Eustachio
  3213 | D:4      | Found Dixikhlo's Armour Emporium.
  3284 | D:4      | Found Keejozi's General Store.
  3284 | D:4      | Found Gumpal's Antique Weapon Boutique.
  3286 | D:4      | Found Duzxeixa's Assorted Antiques.
  3304 | D:4      | Reached XP level 8. HP: 53/53 MP: 8/8
  3581 | D:4      | Reached skill level 8 in Fighting
  3679 | D:4      | Found Reseimi's Book Boutique.
  3946 | D:5      | Entered Level 5 of the Dungeon
  4751 | D:5      | Found an iron altar of Okawaru.
  4914 | D:5      | Reached skill level 9 in Fighting
  4935 | D:5      | Reached XP level 9. HP: 44/60 MP: 9/9
  5148 | D:6      | Found a glowing golden altar of the Shining One.
  5468 | D:6      | Reached skill level 10 in Fighting
  5470 | D:6      | Found a hazy altar of Hepliaklqana.
  5572 | D:6      | Found a glowing golden altar of the Shining One.
  5573 | D:6      | Found a sacrificial altar of Ru.
  5614 | D:6      | Found a faded altar of an unknown god.
  5614 | D:6      | Found a hide-covered altar of Uskayaw.
  5620 | D:6      | Found a shattered altar of Ashenzari.
  5622 | D:6      | Found an ancient bone altar of Kikubaaqudgha.
  5624 | D:6      | Found a snail-covered altar of Cheibriados.
  5665 | D:6      | Found a staircase to the Ecumenical Temple.
  5849 | D:7      | Slain by a killer bee

Levels and vault maps discovered:
D:1:      wander_arrival_peaceful_grave, layout_rooms, nrook_loot_triangle,
          minmay_misc_feat_tower, hangedman_decor_growths
D:2:      layout_basic, old_standard_altar, nicolae_qazlal_general_emergency,
          uniq_sigmund
D:3:      layout_loops_corners, gammafunk_temple_overflow_statue, uniq_grinder
D:4:      minmay_diamond_boxcup, layout_loops_ring, serial_shops,
          kennysheep_mini, shop_fountains, shop, nicolae_shop_statue_plus, shop,
          first_ration, chequers_serial_rivers_micro_c, roderic_lattice_a,
          uniq_eustachio
D:5:      minmay_opposing_rooms, layout_rooms, okawaru_ov_weapons_minmay
D:6:      layout_cave_pools, nicolae_overflow_hidden_temple,
          chequers_temple_overflow_minitemple, minitemple,
          minmay_temple_entry_junction, tso_metal_star
D:7:      wad_woods_tower, layout_basic, grunt_temple_overflow_order_and_chaos_2

Skill      XL: |  1  2  3  4  5  6  7  8  9 |
---------------+----------------------------+-----
Fighting       | 4 5 6 7 9 10 | 10.5
Maces & Flails | 3 4 5 6 8 9 |  9.4
Armour         | |  3.2
Shields        | |  3.2

Action                   |  1- 3 |  4- 6 |  7- 9 || total
-------------------------+-------+-------+-------++-------
Melee: Flail             |    59 |    43 |       ||   102
       Morningstar       |       |    43 |   343 ||   386
  Use: Scroll            |     1 |     1 |     4 ||     6
  Eat: Chunk             |     1 |     3 |     6 ||    10
       Ration            |       |       |     2 ||     2
Armor: Scale mail        |    22 |    38 |     8 ||    68
       Chain mail        |       |       |   275 ||   275
Dodge: Dodged            |    24 |    22 |    98 ||   144
Block: Shield            |    32 |    37 |   187 ||   256

Table legend:
 A = Non-vault XP
 B = Vault XP
 C = Vault XP percentage of total XP
 D = Non-vault monster count
 E = Vault monster count
 F = Vault count percentage of total count
                 A         B        C        D         E       F
            +---------+---------+-------+---------+---------+-------
      Total |    2950 |    1007 |  25.4 |     103 |      13 |  11.2
            +---------+---------+-------+---------+---------+-------
        D:1 |      16 |       0 |   0.0 |      11 |       0 |   0.0
        D:2 |      15 |     205 |  93.2 |       7 |       1 |  12.5
        D:3 |     359 |     267 |  42.7 |      29 |       1 |   3.3
        D:4 |     407 |     314 |  43.6 |      10 |       3 |  23.1
        D:5 |     574 |     221 |  27.8 |      16 |       8 |  33.3
        D:6 |    1579 |       0 |   0.0 |      30 |       0 |   0.0
            +---------+---------+-------+---------+---------+-------
